[Event "ICCopen2017"]
[Site "Internet Chess Club"]
[Date "2017.03.19"]
[Round "5"]
[White "lustigbridge"]
[Black "JESSEJOSE"]
[Result "1-0"]
[ICCResult "Black checkmated"]
[WhiteElo "1770"]
[BlackElo "1590"]
[Opening "Scandinavian (center counter) defense"]
[ECO "B01"]
[NIC "VO.17"]
[Time "20:00:11"]
[TimeControl "180+0"]

1. e4 d5 2. exd5 Qxd5 3. d4 Bf5 4. Nf3 Qe4+ 5. Be2 Qxc2 6. Qxc2 Bxc2 7. Nc3
c6 8. O-O e6 9. Bf4 Nf6 10. a4 a5 11. Rfc1 Bg6 12. Nb5 Nd5 13. Nc7+ Nxc7 14.
Bxc7 Be7 15. Ne5 O-O 16. Bf3 Bb4 17. Bb6 Bd6 18. Nc4 Bb4 19. Ne5 Na6 20. Bc5
Bxc5 21. dxc5 Rad8 22. Rd1 Nb4 23. Nd7 Rfe8 24. Nb6 Nd5 25. Nc4 e5 26. Nxa5
e4 27. Be2 e3 28. Nxb7 Rb8 29. Nd6 exf2+ 30. Kxf2 Re6 31. Rd2 Rb4 32. a5
Rf4+ 33. Bf3 Re7 34. a6 Ra7 35. Nc8 Ra8 36. Nb6 Ra7 37. Nxd5 cxd5 38. Rxd5
Be4 39. Rd8# {Black checkmated} 1-0

[Event "ICCopen2017"]
[Site "Internet Chess Club"]
[Date "2017.03.19"]
[Round "5"]
[White "Montserrat"]
[Black "kaens"]
[Result "0-1"]
[ICCResult "White checkmated"]
[WhiteElo "1884"]
[BlackElo "2261"]
[Opening "English: Sicilian reversed"]
[ECO "A25"]
[NIC "EO.20"]
[Time "20:00:02"]
[TimeControl "180+0"]

1. c4 e5 2. Nc3 Nc6 3. g3 f5 4. Bg2 Nf6 5. e3 g6 6. Nge2 Bg7 7. O-O d6 8. b3
O-O 9. Bb2 Be6 10. d4 Bf7 11. a3 h6 12. Rc1 g5 13. Qc2 Bg6 14. Nd5 e4 15.
Rfd1 Rc8 16. Nxf6+ Qxf6 17. b4 h5 18. b5 Ne7 19. Bc3 Kh7 20. d5 Qf7 21. Bxg7
Qxg7 22. Nd4 Qe5 23. Ne6 f4 24. Nxf8+ Rxf8 25. Qc3 Qf5 26. exf4 gxf4 27.
gxf4 Qxf4 28. Qg3 Qf6 29. Re1 Nf5 30. Qf4 Qd8 31. Bxe4 Nh4 32. Bxg6+ Kxg6
33. Re6+ Kh7 34. Qe4+ Kh8 35. Re7 Nf5 36. Re6 Qg5+ 37. Kh1 Qxc1+ 38. Kg2
Rg8+ 39. Kf3 Qd1+ 40. Kf4 Qg4# {White checkmated} 0-1

[Event "ICCopen2017"]
[Site "Internet Chess Club"]
[Date "2017.03.19"]
[Round "5"]
[White "manest"]
[Black "Ricardov"]
[Result "1-0"]
[ICCResult "Black forfeits on time"]
[WhiteElo "2839"]
[BlackElo "2260"]
[Opening "Benoni defense"]
[ECO "A61"]
[NIC "QP.07"]
[Time "20:00:15"]
[TimeControl "180+0"]

1. d4 Nf6 2. c4 e6 3. Nc3 c5 4. d5 exd5 5. cxd5 d6 6. Nf3 g6 7. Bf4 a6 8. a4
Qe7 9. h3 Bg7 10. e3 O-O 11. Nd2 Ne8 12. Nc4 Nd7 13. a5 Rb8 14. Be2 Ne5 15.
Nb6 Nc7 16. O-O Bd7 17. Bh2 f5 18. Re1 Bb5 19. f4 Nd7 20. Bf3 Nxb6 21. axb6
Na8 22. e4 Bd4+ 23. Kh1 Qd7 24. e5 Nxb6 25. Nxb5 Qxb5 26. Re2 Rbd8 27. e6
Rfe8 28. Qc2 Qc4 29. g4 Qxc2 30. Rxc2 Re7 31. Rd1 Rf8 32. Bg3 Be3 33. Re2
fxg4 34. Rxe3 gxf3 35. Rxf3 Rf5 36. Rfd3 c4 37. Rd4 Re8 38. Kg2 Na4 39. R1d2
c3 40. bxc3 Nxc3 41. Bh4 Rb8 42. Kf3 b5 43. R2d3 b4 44. Rc4 Rxd5 45. Rxd5
Nxd5 46. Bf2 Re8 47. Bd4 Rxe6 48. Rc8+ Kf7 49. Rh8 Re7 50. Rxh7+ Ke6 51. f5+
{Black forfeits on time}
1-0

[Event "ICCopen2017"]
[Site "Internet Chess Club"]
[Date "2017.03.19"]
[Round "5"]
[White "subterfuge"]
[Black "someyoungguy"]
[Result "1-0"]
[ICCResult "Black resigns"]
[WhiteElo "1513"]
[BlackElo "1235"]
[Opening "Queen's pawn"]
[ECO "A40"]
[NIC "QO.17"]
[Time "20:01:04"]
[TimeControl "180+0"]

1. d4 h6 2. c4 g6 3. Nc3 f6 4. e4 e6 5. Bd3 d6 6. Qc2 Bd7 7. Be3 Qe7 8. f4
Nc6 9. Nf3 Nb4 10. Qe2 Nxd3+ 11. Qxd3 Bg7 12. c5 dxc5 13. dxc5 O-O-O 14. Qc4
Bc6 15. O-O f5 16. e5 a6 17. b4 Qe8 18. a4 Ne7 19. b5 Bd5 20. Qb4 axb5 21.
axb5 b6 22. cxb6 cxb6 23. Bxb6 Kb8 24. Qa5 Qd7 25. Nxd5 Qb7 26. Nxe7 Rd5 27.
Rfc1 Bxe5 28. Nxe5 Rd2 29. N5c6+ {Black resigns} 1-0

[Event "ICCopen2017"]
[Site "Internet Chess Club"]
[Date "2017.03.19"]
[Round "5"]
[White "ylr5000"]
[Black "egyptiantiger"]
[Result "1-0"]
[ICCResult "Black forfeits on time"]
[WhiteElo "2289"]
[BlackElo "1816"]
[Opening "English opening"]
[ECO "A20"]
[NIC "EO.24"]
[Time "19:59:35"]
[TimeControl "180+0"]

1. c4 e5 2. g3 Nc6 3. Bg2 Bc5 4. Nc3 d6 5. e3 a6 6. Nge2 Ba7 7. h3 Nge7 8.
b3 O-O 9. O-O Kh8 10. f4 f5 11. Kh2 Ng6 12. d4 exd4 13. exd4 Rb8 14. d5 Nce7
15. Bb2 Ng8 16. Nd4 Re8 17. Qd3 Qf6 18. Nce2 Qf7 19. Rae1 Bd7 20. Ng1 Nh6
21. Ngf3 Rxe1 22. Rxe1 Re8 23. Ng5 Qf8 24. Rxe8 Qxe8 25. Nde6 Bxe6 26. Nxe6
Ne7 27. Bxg7+ Kg8 28. Bxh6 Qg6 29. Bg5 Kf7 30. Bxe7 Kxe7 31. Nxc7 Qf6 32.
Qe2+ Kd7 33. Qe6+ Qxe6 34. Nxe6 b5 35. g4 fxg4 36. hxg4 bxc4 37. bxc4 a5 38.
a4 {Black forfeits on time} 1-0

[Event "ICCopen2017"]
[Site "Internet Chess Club"]
[Date "2017.03.19"]
[Round "5"]
[White "fletcherdavid"]
[Black "naldoe2e4"]
[Result "1-0"]
[ICCResult "Black forfeits on time"]
[WhiteElo "1824"]
[BlackElo "1259"]
[Opening "Four knights: Scotch, 4...exd4"]
[ECO "C47"]
[NIC "KP.06"]
[Time "20:00:58"]
[TimeControl "180+0"]

1. e4 e5 2. Nf3 Nc6 3. Nc3 Nf6 4. d4 exd4 5. Nxd4 Ne5 6. f4 Ng6 7. g3 Bb4 8.
Bg2 Bxc3+ 9. bxc3 O-O 10. O-O d6 11. f5 Ne5 12. Bg5 h6 13. Bh4 c5 14. Nf3
Nxf3+ 15. Bxf3 Re8 16. Qd3 Re5 17. Rad1 b6 18. Bxf6 Qxf6 19. Qxd6 Qxd6 20.
Rxd6 Bb7 21. Re1 f6 22. Kf2 Ba6 23. g4 Bc4 24. a3 Rb8 25. Red1 Ree8 26. Rd7
a5 27. Rc7 Rbd8 28. Rdd7 Rxd7 29. Rxd7 {Black forfeits on time} 1-0

[Event "ICCopen2017"]
[Site "Internet Chess Club"]
[Date "2017.03.19"]
[Round "5"]
[White "Theunrock"]
[Black "uggi"]
[Result "0-1"]
[ICCResult "White forfeits on time"]
[WhiteElo "1692"]
[BlackElo "1909"]
[Opening "Polish (Sokolsky) opening"]
[ECO "A00"]
[NIC "VO.10"]
[Time "20:00:02"]
[TimeControl "180+0"]

1. b4 Nf6 2. Bb2 e6 3. a3 d5 4. Nf3 Be7 5. e3 O-O 6. c4 Nbd7 7. Nc3 c5 8.
bxc5 Nxc5 9. d4 Nce4 10. Bd3 b6 11. O-O Bb7 12. Ne5 Rc8 13. Ne2 Nd7 14. Nxd7
Qxd7 15. f3 Nd6 16. cxd5 exd5 17. Rc1 Nc4 18. Bxc4 dxc4 19. e4 b5 20. d5 a5
21. Kh1 Rfe8 22. Qd4 Bf6 23. Qd2 Bxb2 24. Qxb2 Ba6 25. Nd4 b4 26. Rfd1 c3
27. Qb3 Bc4 28. Qb1 Qa4 29. Nc6 Qxa3 30. e5 Bxd5 31. Na7 Rcd8 32. Nb5 Qa2
33. Qf5 Be6 34. Qg5 Rxd1+ 35. Rxd1 h6 36. Qf4 Qe2 {White forfeits on time}
0-1

[Event "ICCopen2017"]
[Site "Internet Chess Club"]
[Date "2017.03.19"]
[Round "5"]
[White "marabu"]
[Black "sarge"]
[Result "1-0"]
[ICCResult "Black resigns"]
[WhiteElo "2122"]
[BlackElo "1747"]
[Opening "Nimzovich-Larsen attack: classical variation"]
[ECO "A01"]
[NIC "VO.08"]
[Time "20:00:28"]
[TimeControl "180+0"]

1. b3 d5 2. Bb2 Nf6 3. Nf3 g6 4. Bxf6 exf6 5. c4 Bg7 6. cxd5 Qxd5 7. Nc3 Qd8
8. e3 O-O 9. Be2 Nc6 10. O-O Be6 11. d4 Qe7 12. a3 Rad8 13. b4 Bc8 14. Rc1
Rfe8 15. Qb3 h6 16. a4 Kh7 17. b5 Nb8 18. Nd5 Qe6 19. Bc4 Qd6 20. Nf4 Rd7
21. Bxf7 Rf8 22. Bxg6+ Kh8 23. Bf5 Rff7 24. Ng6+ Kg8 25. Rfd1 Rd8 26. Bd3
Be6 27. Bc4 Bxc4 28. Rxc4 Nd7 29. Rdc1 Nf8 30. Rxc7 Rd7 31. Rxd7 Qxd7 32.
Nxf8 Kxf8 33. Qb4+ Kg8 34. Qc5 Kh7 35. Nh4 Qg4 36. Qf5+ Qxf5 37. Nxf5 Bf8
38. Rc8 Bb4 39. g4 a6 40. Kg2 axb5 41. axb5 Bd2 42. Kf3 Be1 43. h4 Rd7 44.
Re8 Bb4 45. h5 b6 46. Nh4 Be7 47. Ng6 Bd6 48. Re6 Kg7 49. Ke4 Bc7 50. d5 Bd8
51. f4 Rf7 52. f5 {Black resigns} 1-0

[Event "ICCopen2017"]
[Site "Internet Chess Club"]
[Date "2017.03.19"]
[Round "5"]
[White "MrWizard"]
[Black "Kastor"]
[Result "0-1"]
[ICCResult "White resigns"]
[WhiteElo "2013"]
[BlackElo "2817"]
[Opening "King's Indian: London system"]
[ECO "A48"]
[NIC "QP.03"]
[Time "20:00:51"]
[TimeControl "180+0"]

1. d4 Nf6 2. Nf3 g6 3. Bf4 Bg7 4. e3 O-O 5. Be2 d6 6. h3 Nbd7 7. O-O b6 8.
c4 Bb7 9. Nc3 a6 10. d5 e5 11. dxe6 fxe6 12. Qc2 Qe7 13. a3 Nc5 14. Rad1 a5
15. Nd2 e5 16. Bg3 a4 17. Bf3 e4 18. Be2 g5 19. Nd5 Nxd5 20. cxd5 Bxd5 21.
Bc4 Bxc4 22. Nxc4 Nd3 23. Rxd3 exd3 24. Qxd3 Qe6 25. Rd1 Rf7 26. Rd2 Raf8
27. Qc2 Qe8 28. b3 axb3 29. Qxb3 Qe6 30. Qc2 h5 31. Qd3 h4 32. Bh2 d5 33.
Nb2 c5 34. Nd1 c4 35. Qxd5 Qxd5 36. Rxd5 c3 37. Nxc3 Bxc3 38. Rxg5+ Kh7 39.
Bf4 Bf6 40. Rh5+ Kg6 {White resigns} 0-1

[Event "ICCopen2017"]
[Site "Internet Chess Club"]
[Date "2017.03.19"]
[Round "5"]
[White "bennywins"]
[Black "Activekids"]
[Result "0-1"]
[ICCResult "White checkmated"]
[WhiteElo "1476"]
[BlackElo "1992"]
[Opening "Caro-Kann defense"]
[ECO "B10"]
[NIC "CK.01"]
[Time "20:00:49"]
[TimeControl "180+0"]

1. e4 c6 2. Nf3 d5 3. exd5 cxd5 4. d4 Nf6 5. Bb5+ Nc6 6. Nc3 a6 7. Ba4 Bg4
8. Be3 e6 9. O-O Bd6 10. h3 Bh5 11. a3 O-O 12. b4 Rc8 13. Rc1 Ne7 14. Na2
Ng6 15. Bb3 Nh4 16. g4 Nxg4 17. hxg4 Bxg4 18. Bg5 Nxf3+ 19. Qxf3 Qxg5 20.
Qg2 Qh5 21. Qh1 Qf5 22. f3 Bh5 23. c3 Bf4 24. Rc2 Be3+ 25. Kg2 Qg5+ 26. Kh3
Bg6 27. Rg2 Bf5+ 28. Kh2 Qh4# {White checkmated} 0-1

[Event "ICCopen2017"]
[Site "Internet Chess Club"]
[Date "2017.03.19"]
[Round "5"]
[White "Parsifal"]
[Black "RebelJohnny"]
[Result "0-1"]
[ICCResult "White resigns"]
[WhiteElo "2353"]
[BlackElo "1998"]
[Opening "King's pawn opening"]
[ECO "B07"]
[NIC "VO.17"]
[Time "20:00:19"]
[TimeControl "180+0"]

1. e4 d6 2. Nc3 Nf6 3. f4 c6 4. Nf3 Bg4 5. h3 Bxf3 6. Qxf3 e6 7. b3 Be7 8.
Bb2 O-O 9. O-O-O d5 10. g4 Qa5 11. e5 Nfd7 12. Kb1 Ba3 13. Ba1 c5 14. Nxd5
exd5 15. Qxd5 Qc7 16. Bd3 Nc6 17. e6 fxe6 18. Qxe6+ Kh8 19. Qf5 Rxf5 20.
Bxf5 Nd4 21. Be4 Qxf4 22. Bxb7 Rb8 23. Rhf1 Qe5 24. Rde1 Qc7 25. Bd5 Nf6 26.
Bc4 h6 27. h4 Nxg4 28. Re4 Nf6 29. Re3 Qh2 30. Bd3 Qxd2 31. Rg3 Nd5 32. Bxd4
cxd4 33. Rgf3 Qc3 34. Rf8+ Rxf8 35. Rxf8+ Bxf8 {White resigns} 0-1

[Event "ICCopen2017"]
[Site "Internet Chess Club"]
[Date "2017.03.19"]
[Round "5"]
[White "Atlantis75"]
[Black "ComeonJimtal"]
[Result "0-1"]
[ICCResult "White checkmated"]
[WhiteElo "1913"]
[BlackElo "1740"]
[Opening "Queen's pawn game"]
[ECO "A45"]
[NIC "QP.07"]
[Time "19:59:53"]
[TimeControl "180+0"]

1. d4 Nf6 2. c3 e6 3. Nd2 d5 4. Ngf3 b6 5. Qc2 Bb7 6. e3 Ne4 7. Bd3 f5 8.
O-O Bd6 9. Ne5 O-O 10. f4 c5 11. Bxe4 dxe4 12. Ndc4 Bc7 13. dxc5 bxc5 14.
Rd1 Qe7 15. Qb3 Bd5 16. Qa4 Rd8 17. Bd2 Nd7 18. Nc6 Bxc6 19. Qxc6 Nf6 20. h3
Nd5 21. Be1 Rac8 22. Qa4 Bb8 23. Bf2 g5 24. Ne5 gxf4 25. Rxd5 exd5 26. exf4
Bxe5 27. fxe5 Qxe5 28. Qxa7 e3 29. Bh4 Rc7 30. Qb6 e2 31. Re1 Re8 32. Rxe2
Qxe2 33. Qxc7 Qe3+ 34. Bf2 Qe7 35. Qg3+ Qg7 36. Qd6 d4 37. cxd4 cxd4 38.
Bxd4 Re1+ 39. Kh2 Qe7 40. Qd5+ Qe6 41. Qd8+ Qe8 42. Qf6 Qb8+ 43. g3 Re2+ 44.
Kh1 Qb7+ 45. Kg1 Qg2# {White checkmated} 0-1

[Event "ICCopen2017"]
[Site "Internet Chess Club"]
[Date "2017.03.19"]
[Round "5"]
[White "Massada"]
[Black "hecan58"]
[Result "0-1"]
[ICCResult "White forfeits on time"]
[WhiteElo "1477"]
[BlackElo "1385"]
[Opening "Réti opening"]
[ECO "A04"]
[NIC "QP.11"]
[Time "19:59:53"]
[TimeControl "180+0"]

1. Nf3 g6 2. c4 Bg7 3. g3 e5 4. Bg2 f5 5. O-O d6 6. Nc3 Nf6 7. d4 e4 8. Ne1
O-O 9. f3 Re8 10. Qc2 e3 11. Qd3 Qe7 12. Nd1 Nc6 13. Bxe3 Bd7 14. Rf2 d5 15.
c5 Rad8 16. Bd2 Nh5 17. e3 g5 18. f4 Be6 19. Nf3 g4 20. Ne5 Nb8 21. b4 c6
22. a4 Nf6 23. Rf1 Ne4 24. Bc1 h5 25. b5 h4 26. a5 cxb5 27. Qxb5 a6 28. Qb6
hxg3 29. hxg3 Nxg3 30. Re1 Ne4 31. Bxe4 fxe4 32. Rb1 Qh4 33. Re2 g3 34. Rg2
Bxe5 35. dxe5 Nc6 36. Qxb7 Bh3 37. Rbb2 Bxg2 38. Rxg2 Re6 39. Nf2 Rh6 40.
Bb2 Kf8 41. Kf1 Rb8 42. Qxb8+ Nxb8 43. e6 Rxe6 {White forfeits on time} 0-1

[Event "ICCopen2017"]
[Site "Internet Chess Club"]
[Date "2017.03.19"]
[Round "5"]
[White "Irenaeus"]
[Black "KH"]
[Result "0-1"]
[ICCResult "White resigns"]
[WhiteElo "1714"]
[BlackElo "2021"]
[Opening "Robatsch (modern) defense"]
[ECO "B06"]
[NIC "KF.06"]
[Time "20:01:01"]
[TimeControl "180+0"]

1. e4 g6 2. d4 Nf6 3. Nc3 d5 4. Bd3 Nc6 5. e5 Nh5 6. Nce2 Bg4 7. c3 Qd7 8.
f3 Be6 9. Be3 f6 10. g4 Ng7 11. exf6 exf6 12. Qd2 O-O-O 13. O-O-O g5 14. h4
gxh4 15. Rxh4 f5 16. Bg5 Re8 17. Nf4 fxg4 18. Nxe6 Nxe6 19. Bf6 Rg8 20. fxg4
Bd6 21. Ne2 Ref8 22. g5 Rf7 23. Bf5 Ncd8 24. Rdh1 c6 25. Rxh7 Rxh7 26. Rxh7
Qe8 27. Bxd8 Kxd8 28. Rxb7 Bc7 29. Qe3 Ng7 30. Qxe8+ Nxe8 31. g6 Nd6 32. Be6
Rxg6 33. Nf4 Rf6 34. Bxd5 Nxb7 {White resigns} 0-1

[Event "ICCopen2017"]
[Site "Internet Chess Club"]
[Date "2017.03.19"]
[Round "5"]
[White "kamalchandran"]
[Black "jbow79"]
[Result "1-0"]
[ICCResult "Black resigns"]
[WhiteElo "1761"]
[BlackElo "946"]
[Opening "Scandinavian (center counter) defense"]
[ECO "B01"]
[NIC "SD.02"]
[Time "19:59:51"]
[TimeControl "180+0"]

1. e4 d5 2. exd5 Qxd5 3. Nc3 Qd8 4. Nf3 Bg4 5. h3 Bxf3 6. Qxf3 c6 7. Bc4 Nf6
8. O-O e6 9. d3 Nbd7 10. Bg5 Be7 11. Rfe1 O-O 12. Bxf6 Nxf6 13. Ne4 Nd5 14.
Bb3 Bf6 15. Rab1 Qe7 16. a3 Rad8 17. Bxd5 Rxd5 18. Nxf6+ Qxf6 19. Qxf6 gxf6
20. Kf1 Kh8 21. Ke2 Re5+ 22. Kf3 Rf5+ 23. Ke3 Re5+ 24. Kd2 Rg5 25. g3 Rf5
26. Re2 Rd8 27. c4 b6 28. Kc2 c5 29. b4 Rc8 30. bxc5 Rfxc5 31. Kc3 Rd8 32.
a4 Ra5 33. Kb4 Rf5 34. Rd1 Rf3 35. d4 Rf5 36. Red2 a6 37. d5 exd5 38. cxd5
Re5 39. Rd4 Re2 40. R1d2 Re1 41. d6 Rb1+ 42. Kc4 Rc8+ 43. Kd5 Rc5+ 44. Ke4
Re1+ 45. Kf4 Ree5 46. d7 Rf5+ 47. Ke3 Rc3+ 48. R2d3 Rxd3+ 49. Rxd3 Re5+ 50.
Kf3 Rf5+ 51. Kg2 Kg7 52. d8=Q {Black resigns} 1-0

[Event "ICCopen2017"]
[Site "Internet Chess Club"]
[Date "2017.03.19"]
[Round "5"]
[White "M-Ezat"]
[Black "vsqk"]
[Result "1-0"]
[ICCResult "Black resigns"]
[WhiteElo "2280"]
[BlackElo "1810"]
[Opening "QGD Slav defense"]
[ECO "D10"]
[NIC "SL.01"]
[Time "20:00:13"]
[TimeControl "180+0"]

1. d4 c6 2. c4 d5 3. Nc3 Nf6 4. cxd5 cxd5 5. Bf4 Nc6 6. e3 e6 7. Bd3 Be7 8.
h3 a6 9. Nf3 Nh5 10. Bh2 f5 11. g4 Nf6 12. gxf5 exf5 13. Ne5 O-O 14. Rc1 Kh8
15. Rg1 Ne4 16. Qh5 Qe8 17. Qxe8 Rxe8 18. Nxd5 Be6 19. Nc7 Bxa2 20. Nxa8
Rxa8 21. Nf7+ Bxf7 22. Ke2 Bd5 23. Bc4 Nf6 24. f3 Re8 25. Be5 Nxe5 26. dxe5
Bxc4+ 27. Rxc4 Nd5 28. Rd1 Nb4 29. Rd7 Nc6 30. Rxb7 Nxe5 31. Rxe7 Rg8 32.
Rxe5 g6 33. Rc7 Rb8 34. Ree7 Rxb2+ 35. Kf1 Rb8 36. Rxh7+ Kg8 37. Rhg7+ Kf8
38. Rh7 Kg8 39. Rcg7+ Kf8 40. Rh8+ Kxg7 41. Rxb8 Kf6 42. Ra8 g5 43. Rxa6+
Ke5 44. Ra5+ Kf6 45. Kf2 Kg6 46. Kg3 Kh5 47. Rxf5 Kg6 48. Kg4 Kh6 49. Rxg5
{Black resigns}
1-0

[Event "ICCopen2017"]
[Site "Internet Chess Club"]
[Date "2017.03.19"]
[Round "5"]
[White "jajaba"]
[Black "Mercury"]
[Result "0-1"]
[ICCResult "White forfeits on time"]
[WhiteElo "1834"]
[BlackElo "2232"]
[Opening "Réti opening"]
[ECO "A05"]
[NIC "QP.11"]
[Time "19:59:35"]
[TimeControl "180+0"]

1. Nf3 Nf6 2. Nc3 d5 3. d4 c5 4. Bg5 Nc6 5. e3 e6 6. Bb5 Qb6 7. Rb1 Ne4 8.
Bxc6+ bxc6 9. Nxe4 dxe4 10. Nd2 cxd4 11. Nxe4 c5 12. O-O Bb7 13. Ng3 f6 14.
Bf4 e5 15. Bxe5 fxe5 16. Qh5+ Kd7 17. Qxe5 Qe6 18. Qf4 Bd6 19. Qh4 Qd5 20.
Qh3+ Kc7 21. exd4 cxd4 22. Rbd1 Rae8 23. c3 d3 24. Nf5 Bc5 25. Rxd3 Qe4 26.
Rg3 g6 27. Ne3 Kb8 28. b4 Bb6 29. a4 Rhf8 30. a5 Bc7 31. Rg4 Qd3 32. c4 Rxf2
33. Rxf2 Rxe3 34. Rf8+ Bc8 35. Rxc8+ Kxc8 36. Rd4+ Qf5 37. Qxe3 Qb1+ 38. Kf2
Qf5+ 39. Qf3 Qc2+ 40. Ke3 Qc3+ 41. Rd3 Qc1+ 42. Kd4 Qb2+
{White forfeits on time}
0-1

[Event "ICCopen2017"]
[Site "Internet Chess Club"]
[Date "2017.03.19"]
[Round "5"]
[White "YHWH"]
[Black "anakinnn"]
[Result "0-1"]
[ICCResult "White forfeits on time"]
[WhiteElo "1456"]
[BlackElo "1282"]
[Opening "King's Indian defense, 3.Nc3"]
[ECO "E61"]
[NIC "KI.80"]
[Time "20:00:24"]
[TimeControl "180+0"]

1. d4 Nf6 2. c4 g6 3. Nc3 Bg7 4. Bg5 O-O 5. Qd2 c6 6. e4 d5 7. e5 Ne4 8.
cxd5 cxd5 9. Nxe4 dxe4 10. Qb4 Nc6 11. Qc3 Qxd4 12. Qxd4 Nxd4 13. Rc1 Bxe5
14. Bxe7 Re8 15. Bc5 Be6 16. Bb5 Rec8 17. a4 Nb3 18. Rd1 Nxc5 19. Ne2 Nd3+
20. Bxd3 exd3 21. Ng3 Rc2 22. O-O Rd8 23. Ne4 Bf5 24. Ng3 d2 25. b4 Bb2 26.
Nxf5 gxf5 27. f4 Rc1 28. Kf2 Rxd1 29. Rxd1 Bc3 30. Ke2 Bxb4 31. h3 Rd4 32.
g4 Rxf4 33. gxf5 Rxf5 34. Ke3 Ra5 35. Ra1 b5 {White forfeits on time} 0-1

[Event "ICCopen2017"]
[Site "Internet Chess Club"]
[Date "2017.03.19"]
[Round "5"]
[White "sanguine"]
[Black "Westman"]
[Result "0-1"]
[ICCResult "White forfeits on time"]
[WhiteElo "1111"]
[BlackElo "1357"]
[Opening "French: advance variation"]
[ECO "C02"]
[NIC "FR.03"]
[Time "20:00:45"]
[TimeControl "180+0"]

1. e4 e6 2. d4 d5 3. e5 c5 4. a4 Nc6 5. b3 cxd4 6. Nf3 Nxe5 7. Nxd4 Nf6 8.
Bb5+ Bd7 9. O-O Bxb5 10. Nxb5 a6 11. Nd4 Rc8 12. Bf4 Nc6 13. Nxe6 fxe6 14.
Re1 Be7 15. h3 Ne4 16. Qh5+ g6 17. Qh6 Kd7 18. c4 d4 19. c5 e5 20. Bc1 Nf6
21. Bg5 Kc7 22. Nd2 Kb8 23. Nc4 Nb4 24. Nb6 Rc6 25. Rac1 Bxc5 26. Rxe5 Bxb6
27. Rxc6 Nxc6 28. Re4 Qd6 29. Qg7 Rf8 30. Qh6 Ka7 31. Bf4 Qd5 32. Qxf8 Qxe4
33. Bd6 Nd5 34. a5 Bd8 35. Bc5+ Kb8 36. Bd6+ Nc7 37. Bxc7+ Kxc7 38. Qf7+ Qe7
39. Qf4+ Kc8 40. Qg4+ Kb8 41. Qd1 Bc7 42. b4 Qd6 43. g3 d3 44. Qd2 Qd4
{White forfeits on time}
0-1

[Event "ICCopen2017"]
[Site "Internet Chess Club"]
[Date "2017.03.19"]
[Round "5"]
[White "Mysterious17"]
[Black "CeffylGlas"]
[Result "1/2-1/2"]
[ICCResult "White ran out of time and Black has no material to mate"]
[WhiteElo "1676"]
[BlackElo "1271"]
[Opening "King's pawn opening"]
[ECO "B07"]
[NIC "VO.17"]
[Time "19:59:56"]
[TimeControl "180+0"]

1. e4 d6 2. Nc3 g6 3. f4 c5 4. Bc4 Bg7 5. Nf3 e6 6. O-O Ne7 7. f5 d5 8. Bb5+
Nd7 9. d3 a6 10. Bxd7+ Bxd7 11. fxe6 Bxe6 12. Ng5 Qd7 13. exd5 Nxd5 14. Nxd5
Qxd5 15. c4 Qd4+ 16. Kh1 Bf5 17. Qf3 O-O 18. Qxb7 Qd7 19. Qxd7 Bxd7 20. Ne4
Rac8 21. Rb1 Bf5 22. h3 h5 23. Be3 Bxe4 24. dxe4 Bd4 25. Bxd4 cxd4 26. b3 d3
27. Rbd1 Rfd8 28. Rf3 Rc7 29. Rfxd3 Rxd3 30. Rxd3 Kf8 31. Kg1 Re7 32. Rd4 f6
33. Kf2 Kf7 34. Kf3 Re6 35. a4 f5 36. exf5 gxf5 37. b4 Kf6 38. c5 Re8 39.
Rd6+ Kf7 40. b5 axb5 41. axb5 Ke7 42. Rb6 Rc8 43. c6 Kd6 44. Rb7 Rc7 45.
Rxc7 Kxc7 46. Ke3 Kb6 47. Kd4 f4 48. Ke4 h4 49. Kxf4 Kc7 50. Kg4 Kb6 51.
Kxh4 Kc7 52. g4 Kb6 53. g5 Kc7 54. g6 Kb6 55. g7 Kc7 56. g8=Q Kb6 57. Qd5
Kc7 58. Qf7+ Kb6 59. Qf2+ Kxb5 60. Kg4 Kxc6 61. h4 Kd6 62. h5 Kd5 63. h6 Kc4
64. h7 Kd5 65. h8=Q Kc4 66. Qhb2 Kd5 67. Qfc2 Ke6
{White ran out of time and Black has no material to mate}
1/2-1/2

[Event "ICCopen2017"]
[Site "Internet Chess Club"]
[Date "2017.03.19"]
[Round "5"]
[White "cap78red"]
[Black "bythebook"]
[Result "0-1"]
[ICCResult "White checkmated"]
[WhiteElo "1385"]
[BlackElo "1597"]
[Opening "English opening"]
[ECO "A16"]
[NIC "EO.64"]
[Time "20:00:34"]
[TimeControl "180+0"]

1. c4 Nf6 2. Nc3 g6 3. e4 d6 4. d3 Bg7 5. f4 c5 6. Nf3 Nc6 7. Be2 O-O 8. O-O
Nd4 9. f5 Nxe2+ 10. Qxe2 gxf5 11. exf5 Bxf5 12. Nh4 Bg6 13. Nf5 Re8 14. Nxg7
Kxg7 15. Bg5 a6 16. Ne4 Nxe4 17. dxe4 f6 18. Bf4 Qd7 19. Rad1 Qe6 20. Qf3
Qxe4 21. Qg3 Qxc4 22. b3 Qf7 23. Bc1 Kh8 24. Bb2 Rg8 25. h4 Be4 26. Qe3
Rxg2+ 27. Kh1 Re2+ 28. Qxe4 Rxe4 29. Rxd6 Rxh4+ 30. Kg2 Rg8+ 31. Kf2 exd6
32. Ke1 Rg6 33. Kd1 Qe6 34. Kc1 Qe3+ 35. Kd1 Qd3+ 36. Ke1 Re4+ 37. Kf2 Re2#
{White checkmated}
0-1

[Event "ICCopen2017"]
[Site "Internet Chess Club"]
[Date "2017.03.19"]
[Round "5"]
[White "K-Georgiev"]
[Black "OparinGrigoriy"]
[Result "1-0"]
[ICCResult "Black resigns"]
[WhiteElo "2977"]
[BlackElo "2802"]
[Opening "QGD: Tartakower (Makagonov-Bondarevsky) system"]
[ECO "D58"]
[NIC "QO.10"]
[Time "19:59:52"]
[TimeControl "180+0"]

1. c4 e6 2. Nc3 Nf6 3. Nf3 d5 4. d4 Be7 5. Bg5 h6 6. Bh4 O-O 7. e3 b6 8. Be2
Bb7 9. Bxf6 Bxf6 10. cxd5 exd5 11. b4 c6 12. O-O Na6 13. Qb3 Nc7 14. Rfd1
Re8 15. Rac1 a5 16. bxa5 b5 17. a4 Rxa5 18. axb5 cxb5 19. Nxb5 Nxb5 20. Bxb5
Qb6 21. Ba4 Qxb3 22. Bxb3 Rd8 23. Rc7 Rb5 24. Ba4 Rb4 25. Bc6 Ba6 26. Rd7
Rxd7 27. Bxd7 Be2 28. Re1 Bxf3 29. gxf3 Rb6 30. Rc1 Ra6 31. Rc2 g6 32. f4
Kg7 33. Kg2 h5 34. Be8 Ra7 35. Rc5 Bh4 36. Rxd5 Kf8 37. Rd7 Ra2 38. Bxf7
Rxf2+ 39. Kh3 Be7 40. Bxg6 Rf3+ 41. Kg2 Rxe3 42. Bxh5 Ra3 43. f5 Ra6 44. Bg6
Bf6 45. Kg3 Kg8 46. Bf7+ Kf8 47. Be6 Ke8 48. d5 Ra3+ 49. Kg4 Ra2 50. h3 Ra3
51. d6 Be5 52. Re7+ Kd8 53. Rf7 Ra4+ 54. Kg5 Bf4+ 55. Kg6 Ke8 56. d7+ Kd8
57. Rf8+ Kc7 58. d8=Q+ Kc6 59. Qd7+ {Black resigns} 1-0

[Event "ICCopen2017"]
[Site "Internet Chess Club"]
[Date "2017.03.19"]
[Round "5"]
[White "Palse"]
[Black "HuevosDeLeon"]
[Result "0-1"]
[ICCResult "White checkmated"]
[WhiteElo "2184"]
[BlackElo "2605"]
[Opening "Alekhine's defense: modern, Larsen variation"]
[ECO "B04"]
[NIC "AL.05"]
[Time "19:59:37"]
[TimeControl "180+0"]

1. e4 Nf6 2. e5 Nd5 3. d4 d6 4. Nf3 dxe5 5. Nxe5 c6 6. Be2 Bf5 7. O-O Nd7 8.
Nf3 e6 9. c4 N5f6 10. Nc3 Ne4 11. Qb3 Qc7 12. Re1 Be7 13. Be3 O-O 14. Rac1
Nxc3 15. Qxc3 a5 16. a3 h6 17. Bd3 Bg4 18. Nd2 Bf6 19. Ne4 Be7 20. Ng3 Bd6
21. h3 Bxg3 22. fxg3 Bf5 23. Bf4 Qb6 24. c5 Qd8 25. Bd6 Re8 26. Bxf5 exf5
27. Rxe8+ Qxe8 28. Re1 Qd8 29. Re7 Nf6 30. Rxb7 Nd5 31. Qf3 Qg5 32. Kh2 Re8
33. h4 Qd2 34. Qxf5 Qxg2+ 35. Kxg2 Ne3+ 36. Kf2 Nxf5 37. d5 cxd5 38. Bf4 Nd4
39. Be3 Ne6 40. c6 Rc8 41. Rb6 d4 42. Bd2 a4 43. Bb4 Nd8 44. c7 Rxc7 45. Rb8
Rc2+ 46. Kf3 Rxb2 47. Rxd8+ Kh7 48. Rxd4 Rb3+ 49. Kf4 Rb1 50. Re4 Kg6 51.
Ke3 Rb3+ 52. Kf2 Rb2+ 53. Re2 Rb3 54. Re3 Rb2+ 55. Kf3 f6 56. Rc3 h5 57. Rd3
Rb1 58. Bd2 Rb2 59. Be3 Ra2 60. Bc5 Rc2 61. Rd8 Rxc5 62. Rd3 Rb5 63. Ke4 f5+
64. Kd4 f4 65. gxf4 Kf5 66. Kc4 Rb7 67. Rd5+ Kxf4 68. Rxh5 Kg4 69. Rg5+ Kxh4
70. Ra5 g5 71. Rxa4 g4 72. Kc5 Kh3 73. Kc6 Rb1 74. Rc4 g3 75. Rc5 g2 76. Rg5
g1=Q 77. Rg2 Qxg2+ 78. Kc5 Qc2+ 79. Kd6 Rd1+ 80. Ke7 Qe2+ 81. Kf8 Rf1+ 82.
Kg7 Qe7+ 83. Kh8 Rf8# {White checkmated} 0-1